 Dungeon Crawl Stone Soup version 0.25.1-2-g60ff931df9 (webtiles) character file.

Game seed: 10127532088527617820

2767 lhre the Cleaver (level 9, -5/84 HPs)
             Began as a Minotaur Berserker on Nov 21, 2020.
             Was an Elder of Trog.
             Killed by divine providence
             ... invoked by an orc priest
              (15 damage)
             ... on level 9 of the Dungeon.
             The game lasted 00:14:30 (8967 turns).

lhre the Cleaver (Minotaur Berserker)               Turns: 8967, Time: 00:14:31

Health: -5/84      AC:  2    Str: 25    XL:     9   Next: 42%
Magic:  8/8        EV: 12    Int:  4    God:    Trog [****..]
Gold:   381        SH:  5    Dex: 10    Spells: 8/8 levels left

rFire    . . .     SeeInvis .   a - +0 hand axe
rCold    . . .     Gourm    .   (no shield)
rNeg     . . .     Faith    .   b - +0 animal skin
rPois    +         Spirit   .   (helmet restricted)
rElec    .         Reflect  +   (no cloak)
rCorr    .         Harm     .   (no gloves)
MR       .....                  (no boots)
Stlth    ++........             v - amulet of reflection
HPRegen  0.24/turn              n - ring of stealth
MPRegen  0.11/turn              B - ring of poison resistance

@: no status effects
A: retaliatory headbutt, horns 2
a: Berserk, Trog's Hand, Brothers in Arms, Renounce Religion


You were on level 9 of the Dungeon.
You worshipped Trog.
Trog was greatly pleased with you.
You were not hungry.

You visited 1 branch of the dungeon, and saw 8 of its levels.

You collected 381 gold pieces.

Inventory:

Hand Weapons
 a - a +0 hand axe (weapon)
Armour
 b - a +0 animal skin (worn)
Jewellery
 n - a ring of stealth (left hand)
 v - an amulet of reflection (around neck)
 B - a ring of poison resistance (right hand)
Wands
 s - a wand of iceblast (20)
 u - a wand of flame (13)
 w - a wand of polymorph (7)
 C - a wand of digging (8)
Scrolls
 e - a scroll of magic mapping
 g - 5 scrolls of enchant armour
 j - 4 scrolls of remove curse {unknown}
 k - 2 scrolls of fog {unknown}
 l - 5 scrolls of identify
 m - 2 scrolls of fear {unknown}
 p - 2 scrolls of immolation {unknown}
 q - a scroll of noise {unknown}
 t - 5 scrolls of teleportation {unknown}
 x - 2 scrolls of enchant weapon {unknown}
 y - a scroll of holy word {unknown}
 A - a scroll of vulnerability {unknown}
 E - a scroll of random uselessness {unknown}
Potions
 d - 2 potions of flight
 f - a potion of ambrosia {unknown}
 h - a potion of brilliance {unknown}
 o - a potion of magic {unknown}
 r - a potion of invisibility {unknown}
 z - 2 potions of haste {unknown}
 D - a potion of heal wounds
Comestibles
 c - 3 rations


   Skills:
 + Level 9.6 Fighting
 * Level 12.8 Axes
 - Level 2.4 Armour
 - Level 2.1 Dodging


You had 8 spell levels left.
You didn't know any spells.
Your spell library was empty.

Dungeon Overview and Level Annotations

Branches:
Dungeon (9/15)             Temple (0/1) D:6            Lair (0/6) D:9
    Orc: D:9-12

Altars:
Cheibriados
Dithmenos
Makhleb
Okawaru
Ru
Sif Muna
Trog
Vehumet
Xom
Yredelemnul
Zin
The Shining One

Annotations:
D:6 3 runed translucent doors, pokeman's ghost, novice DEWz


Innate Abilities, Weirdness & Mutations

You reflexively headbutt those who attack you in melee.
You have a pair of horns on your head.


Message History

* * * LOW HITPOINT WARNING * * *
You feel better.
The orc warrior hits you with a +0 flail.
* * * LOW HITPOINT WARNING * * *
You are too injured to fight recklessly!
You slash the orc warrior!
You kill the orc warrior!
Trog accepts your kill.
You hit the orc priest but do no damage.
You headbutt the orc priest.
The orc priest is heavily wounded.
You hit the orc priest. You headbutt the orc priest.
The orc priest is almost dead.
The orc priest hits you with a +0 hand axe!
* * * LOW HITPOINT WARNING * * *
You completely miss the orc priest. Your headbutt misses the orc priest.
The orc priest is almost dead.
The orc priest mumbles some strange prayers to Beogh against you.
Beogh smites you!
You die...

,,,,,,***,,,,,,,*,,,* **,***
*,,,,,**,,...,****,,* **,,*
**,,,,,,**#..#* *.#* **,**
*,,,,,,,,*#...* *.# *,,****
,,,,*,,,***#..## *.#####***,,,,,*
,,,,,*,,.**#...###......,,,,,****
,,,,,,,*..##.....{....*****,,**
,,,,,,,,#.......o..#*** *,,,**
,,,,,,,*,.......@).# **,,,*
,,,,,,**,..##......# **,***
,,,,*,*,,,**#......#* *,**
,*,,,,,,,** #..####.#* *,**
,,,,,,,,,**##.## *#.##****,,***
,,,,...,*,##..# *#.##,,,,,,,*
,**,....###..## #...,*,*****
,,,,,##.....## #.##***,**
*,,,,#.......## ##.# **,**


You could see an orc priest.

Vanquished Creatures
  2 sky beasts
  2 orc warriors
  2 ogres
  3 centaurs
  A big kobold (D:7)
  Blork the orc (D:6)
  4 bullfrogs
  5 scorpions
  5 killer bees (D:7)
  5 wights (D:8)
  A bullfrog zombie (D:7)
  A crimson imp (D:5)
  A centaur zombie (D:8)
  A hound (D:5)
  A jelly (D:7)
  5 orc priests
  6 orc wizards
  An iguana (D:7)
  Terence (D:2)
  5 worker ants
  A hound zombie (D:9)
  A hound skeleton (D:8)
  7 adders
  3 gnolls (D:5)
  A shadow imp (D:5)
  4 oozes
  An adder skeleton (D:5)
  A worm (D:3)
  A dart slug (D:1)
  6 leopard geckos
  18 orcs
  4 giant cockroaches
  12 goblins
  9 hobgoblins
  4 jackals
  16 kobolds
  4 quokkas
  9 bats
  8 frilled lizards
  A quokka zombie (D:6)
  7 rats
171 creatures vanquished.

Notes
Turn   | Place    | Note
-------+----------+-------------------------------------------
     0 | D:1      | lhre the Minotaur Berserker began the quest for the Orb.
     0 | D:1      | Reached XP level 1. HP: 19/19 MP: 0/0
   186 | D:1      | Reached skill level 4 in Axes
   424 | D:1      | Reached XP level 2. HP: 27/27 MP: 1/1
   669 | D:1      | Reached XP level 3. HP: 32/33 MP: 2/2
  1149 | D:2      | Reached skill level 5 in Axes
  1182 | D:2      | Reached ** piety under Trog
  1398 | D:2      | Reached XP level 4. HP: 41/41 MP: 3/3
  1437 | D:2      | Noticed Terence
  1443 | D:2      | Killed Terence
  1748 | D:2      | Found a bloodstained altar of Trog.
  1965 | D:3      | Reached skill level 6 in Axes
  1965 | D:3      | Reached XP level 5. HP: 31/47 MP: 4/4
  2185 | D:3      | Found a shadowy altar of Dithmenos.
  2207 | D:3      | Reached *** piety under Trog
  2207 | D:3      | Reached skill level 5 in Fighting
  2386 | D:3      | Found a basalt altar of Yredelemnul.
  2568 | D:3      | Found a glowing golden altar of the Shining One.
  3114 | D:3      | Found a shimmering altar of Xom.
  3115 | D:3      | Found a shimmering altar of Xom.
  3115 | D:3      | Found a shimmering altar of Xom.
  3116 | D:3      | Found a shimmering altar of Xom.
  3144 | D:3      | You fall into a shaft and drop 2 floors!
  3144 | D:5      | Entered Level 5 of the Dungeon
  3151 | D:5      | Reached skill level 7 in Axes
  3151 | D:5      | Reached XP level 6. HP: 45/56 MP: 5/5
  3659 | D:5      | Reached skill level 8 in Axes
  3814 | D:5      | Reached XP level 7. HP: 57/63 MP: 6/6
  4102 | D:5      | Reached **** piety under Trog
  4287 | D:6      | Noticed Blork the orc
  4298 | D:6      | Killed Blork the orc
  4444 | D:6      | Found a staircase to the Ecumenical Temple.
  4454 | D:6      | Reached skill level 9 in Axes
  4725 | D:6      | Found a sacrificial altar of Ru.
  4900 | D:6      | Found an iron altar of Okawaru.
  4910 | D:6      | Noticed pokeman's ghost (novice DEWz)
  4941 | D:6      | Found a burning altar of Makhleb.
  4942 | D:6      | Noticed a balrug
  4950 | D:6      | Found a glowing silver altar of Zin.
  4950 | D:6      | Noticed an angel
  5038 | D:6      | Found a runed translucent gate.
  5038 | D:6      | Found a runed translucent gate.
  5038 | D:6      | Found a runed translucent gate.
  5191 | D:6      | Found a snail-covered altar of Cheibriados.
  5359 | D:6      | Reached XP level 8. HP: 59/73 MP: 7/7
  5555 | D:7      | Reached skill level 10 in Axes
  5557 | D:7      | HP: 3/73 [something (5)]
  6554 | D:7      | Reached skill level 11 in Axes
  6908 | D:7      | Found a glowing golden altar of the Shining One.
  7249 | D:7      | Reached XP level 9. HP: 79/82 MP: 8/8
  7711 | D:8      | Reached skill level 12 in Axes
  8268 | D:8      | Found a radiant altar of Vehumet.
  8320 | D:8      | Reached ***** piety under Trog
  8561 | D:8      | Found a shimmering blue altar of Sif Muna.
  8967 | D:9      | Killed from afar by an orc priest

Illustrated notes

Levels and vault maps discovered:
D:1:      minmay_arrival_wavy_path, layout_basic
D:2:      layout_rooms, trog_hazing_becter, uniq_terence
D:3:      layout_rooms, xom_redecorated, grunt_dithmenos_smoke,
          lemuel_crystal_altar, gup_sewer_entry_spiral, tso_metal_star
D:5:      layout_rooms, hangedman_decor_lopped
D:6:      layout_basic, grunt_temple_overflow_order_and_chaos_2,
          nicolae_ru_great_annihilating_truth, overflow_temple_1_default,
          minmay_temple_entry_junction, gammafunk_ghost_icy,
          okawaru_metal_pillars_3, uniq_blork_the_orc
D:7:      cheibrodos_quashed, layout_basic, lemuel_doored_altar
D:8:      layout_basic, minitemple
D:9:      layout_layer_cave, gammafunk_temple_overflow_statue,
          dpeg_oklobed_lair, serial_shops, shop

Skill      XL: |  1  2  3  4  5  6  7  8  9 |
---------------+----------------------------+-----
Axes           | 4 5 6 7 8 9 11 12 | 12.8
Fighting       | 4 5 6 7 8 9 |  9.6
Armour         | |  2.4
Dodging        | |  2.1

Action                   |  1- 3 |  4- 6 |  7- 9 || total
-------------------------+-------+-------+-------++-------
Melee: Hand axe          |    62 |   134 |   214 ||   410
       Headbutt          |    11 |    19 |    34 ||    64
Invok: Berserk           |       |     1 |     5 ||     6
  Use: Potion            |     1 |       |     6 ||     7
       Scroll            |       |     3 |     1 ||     4
 Stab: Sleeping          |     2 |     5 |     8 ||    15
       Paralysed         |       |       |     1 ||     1
  Eat: Chunk             |     1 |     5 |    10 ||    16
       Ration            |       |     1 |     4 ||     5
Armor: Animal skin       |    13 |    18 |     9 ||    40
Dodge: Dodged            |    35 |    82 |    79 ||   196
Block: Other             |       |       |    26 ||    26
       Reflection        |       |       |     1 ||     1
